 Dungeon Crawl Stone Soup version 0.21-a0-264-g3e31e41 (webtiles) character file.

637 Leszczynek the Grappler (level 7, 20/63 HPs)
             Began as a Troll Skald on Sept 8, 2017.
             Quit the game on level 7 of the Dungeon.
             The game lasted 00:07:50 (1440 turns).

Leszczynek the Grappler (Troll Skald)               Turns: 1440, Time: 00:07:51

Health: 20/63      AC:  5    Str: 18 (20) XL:     7   Next: 25%
Magic:  7/7        EV: 10    Int:  7 (10) God:
Gold:   239        SH:  0    Dex:  9 (10) Spells: 3/8 levels left

rFire    . . .     SeeInvis .     - Unarmed
rCold    . . .     Gourm    +   (no shield)
rNeg     . . .     Faith    .   a - +0 robe
rPois    .         Spirit   .   (helmet restricted)
rElec    .         Reflect  .   (no cloak)
rCorr    +         Harm     .   (gloves unavailable)
MR       .....                  (boots unavailable)
Stlth    +.........             (no amulet)
HPRegen  0.60/turn              d - ring of resist corrosion
MPRegen  0.10/turn              (no ring)

@: confused, quite poisoned (20 -> 12)
A: unfitting armour, claws 3, fast metabolism 3, gourmand, regeneration 1,
shaggy fur 1, tough skin 2
a: no special abilities


You were on level 7 of the Dungeon.
You were very full.

You visited 1 branch of the dungeon, and saw 7 of its levels.
You also visited: Sewer.

You collected 239 gold pieces.

Inventory:

Armour
 a - a +0 robe (worn)
 n - a +0 shield
Jewellery
 d - a ring of resist corrosion (left claw)
Wands
 l - a wand of iceblast (8/15)
 m - a wand of iceblast (6/15)
Scrolls
 e - 3 scrolls of remove curse {@r2}
 f - a scroll of enchant weapon
 k - 4 scrolls of identify {@r1}
 p - a scroll of immolation {unknown}
Potions
 c - 3 potions of berserk rage {!q}
 i - a potion of cancellation {unknown}
 j - a potion of invisibility {unknown}
 o - a potion of curing {unknown}
Books
 b - a book of Battle

   Spells                             Type                      Level
   a - Infusion                       Charms                       1
   b - Shroud of Golubria             Charms/Translocation         2
   c - Song of Slaying                Charms                       2
   d - Spectral Weapon                Hexes/Charms                 3
   e - Regeneration                   Charms/Necromancy            3
Comestibles
 g - 8 chunks of flesh
 h - 4 fruits


   Skills:
 + Level 1.7 Fighting
 - Level 1.9 Dodging
 + Level 0.5 Shields
 - Level 8.0 Unarmed Combat
 - Level 1.2 Spellcasting
 - Level 2.0 Charms


You had 3 spell levels left.
You knew the following spells:

 Your Spells              Type           Power        Failure   Level  Hunger
a - Infusion              Chrm           #...         19%         1    ##.....
b - Shroud of Golubria    Chrm/Tloc      #.........   38%         2    ###....
c - Song of Slaying       Chrm           #.......     28%         2    ###....


Dungeon Overview and Level Annotations

Branches:
Dungeon (7/15)
 Temple: D:4-7

Altars:
Hepliaklqana

Annotations:
D:6 Megalobster's ghost, novice SpEn


Innate Abilities, Weirdness & Mutations

You are too large for most types of armour.
You have claws for hands.
Your metabolism is lightning-fast.
You like to eat raw meat.
Your natural rate of healing is unusually fast.
You are covered in fur. (AC +1)
You have very tough skin. (AC +2)


Message History

The gnoll shouts! x3
Found 18 stones.
Found a stone staircase leading up.
There is a stone staircase leading up here.
Are you sure you want to abandon this character and quit the game? (Confirm with "yes".)
Okay, then.
You're too confused!
It was a potion of degeneration.
There was something very wrong with that liquid.
You feel weakened.
You feel dopey.
You feel clumsy.
You feel sick. The water moccasin barely misses you.
The gnoll hits you with a spear! The gnoll completely misses you.
The orc wizard gestures wildly while chanting.
The orc wizard seems to speed up.
The orc priest casts a cantrip, but nothing happens.
The water moccasin barely misses you. The gnoll hits you with a flail.
Unknown command.
Unknown command.
Enter note: wow this new change sure is fun
Enter note: makes speedruns even better Are you sure you want to abandon this character and quit the game? (Confirm with "yes".)

..# .. # #
...# .. o#. .#
(. ..#
########.#..o#
...g.gg...o.o#
....ggg@o....#
..######S##..#
Z.. ....#
....# ..<.#
....# .....


You could see a water moccasin, a gnoll shaman, an orc priest, 2 orc wizards, 5
gnolls, 2 orcs and a bullfrog skeleton.

Vanquished Creatures
  An ice beast (D:5)
  A phantom (D:4)
  A crocodile (Sewer)
  A scorpion (D:4)
  A crimson imp (D:5)
  An iguana (D:6)
  3 orc wizards
  2 worker ants
  A howler monkey zombie (D:5)
  3 gnolls (D:4)
  3 adders
  A river rat (D:6)
  2 adder skeletons
  2 worms (D:6)
  2 dart slugs (D:2)
  3 leopard geckos
  5 orcs
  A ball python (D:6)
  3 giant cockroaches
  3 goblins
  3 jackals (D:2)
  3 quokkas
  8 bats
  A frilled lizard (D:4)
  3 kobolds
  A rat (D:2)
59 creatures vanquished.

Notes
Turn   | Place    | Note
-------+----------+-------------------------------------------
     0 | D:1      | Leszczynek the Troll Skald began the quest for the Orb.
     0 | D:1      | Reached XP level 1. HP: 19/19 MP: 1/1
   178 | D:2      | Reached skill level 3 in Unarmed Combat
   178 | D:2      | Reached XP level 2. HP: 27/27 MP: 2/2
   183 | D:2      | Learned a level 2 spell: Shroud of Golubria
   538 | D:2      | Reached XP level 3. HP: 33/33 MP: 3/3
   540 | D:2      | Found a hazy altar of Hepliaklqana.
   635 | D:3      | Reached skill level 4 in Unarmed Combat
   638 | D:3      | Reached XP level 4. HP: 37/41 MP: 1/4
   692 | D:4      | Noticed a phantom
   755 | D:4      | Killed a phantom
   755 | D:4      | Reached skill level 5 in Unarmed Combat
   755 | D:4      | Reached XP level 5. HP: 32/48 MP: 2/5
   780 | D:4      | Reached skill level 6 in Unarmed Combat
   887 | D:4      | Reached XP level 6. HP: 38/55 MP: 3/6
   897 | D:4      | Learned a level 2 spell: Song of Slaying
   934 | D:5      | Entered Level 5 of the Dungeon
  1005 | D:6      | Found a glowing drain.
  1016 | Sewer    | Entered a sewer
  1074 | Sewer    | Reached skill level 7 in Unarmed Combat
  1263 | D:5      | Noticed an ice beast
  1288 | D:5      | Killed an ice beast
  1288 | D:5      | Reached skill level 8 in Unarmed Combat
  1288 | D:5      | Reached XP level 7. HP: 35/62 MP: 7/7
  1420 | D:6      | Noticed Megalobster's ghost (novice SpEn)
  1440 | D:7      | wow this new change sure is fun
  1440 | D:7      | makes speedruns even better
  1440 | D:7      | Quit the game

Vault maps used:
D:1:      evilmike_arrival_crescent
D:2:      lemuel_upstairs_altar, marbit_many_paths
D:3:      cheibrodos_thug_alley, minmay_overflow_temple_star_quad, zin_academy,
          first_bread, minmay_misc_feat_doors, uniq_terence
D:4:      nrook_loot_triangle
D:5:      temple_doors_e, serial_shops, shop, st_stairs_10
D:6:      nicolae_tso_besieged_by_evil, cheibrodos_sewer_entry_sluice,
          minmay_misc_feat_four_crosses, roderic_lattice_a,
          minmay_guarded_unrand_staff_of_olgreb
D:7:      old_forge, lemuel_crystal_altar
Sewer:    sewer_big_baddie

Skill      XL: |  1  2  3  4  5  6 |
---------------+-------------------+-----
Unarmed Combat | 3 4 5 6 8 |  8.0
Fighting       | |  1.7
Dodging        | |  1.9
Shields        | |  0.5
Spellcasting   | |  1.2
Charms         | |  2.0

Action                   |  1- 3 |  4- 6 |  7- 9 || total
-------------------------+-------+-------+-------++-------
Melee: Unarmed           |    55 |   147 |    13 ||   215
       Punch             |       |     2 |       ||     2
Throw: Stone             |       |     7 |       ||     7
 Cast: Shroud of Golubri |     1 |     4 |       ||     5
  Use: Potion            |       |     1 |     1 ||     2
       Scroll            |       |     4 |       ||     4
  Eat: Chunk             |     9 |     8 |     2 ||    19
Armor: Robe              |    24 |    60 |     5 ||    89
Dodge: Dodged            |    41 |    72 |     8 ||   121

Table legend:
 A = Spawn XP
 B = Non-spawn XP
 C = Spawn XP percentage of total XP
 D = Spawn monster count
 E = Non-spawn monster count
 F = Spawn count percentage of total count
 G = Total turns spent on level
                    A         B        C        D         E        F      G
               +---------+---------+-------+---------+---------+-------+---------
         Total |       0 |     910 |   0.0 |       0 |      59 |   0.0 |  1440
               +---------+---------+-------+---------+---------+-------+---------
           D:1 |       0 |       7 |   0.0 |       0 |       5 |   0.0 |    81
           D:2 |       0 |      49 |   0.0 |       0 |      13 |   0.0 |   540
           D:3 |       0 |      86 |   0.0 |       0 |       6 |   0.0 |    71
           D:4 |       0 |     284 |   0.0 |       0 |      10 |   0.0 |   242
           D:5 |       0 |     304 |   0.0 |       0 |      12 |   0.0 |   217
           D:6 |       0 |      67 |   0.0 |       0 |       7 |   0.0 |   180
         Sewer |       0 |     113 |   0.0 |       0 |       6 |   0.0 |   107
               +---------+---------+-------+---------+---------+-------+---------
